 Dungeon Crawl Stone Soup version 0.17-a0-1647-gb11a595 (webtiles) character file.

94 LilCorpsy the Vexing (level 4, 25/38 HPs)
             Began as a Naga Arcane Marksman on Aug 12, 2015.
             Quit the game on level 2 of the Dungeon.
             The game lasted 00:06:08 (1877 turns).

LilCorpsy the Vexing (Naga Arcane Marksman)         Turns: 1877, Time: 00:06:08

Health: 25/38      AC:  2    Str: 13    XL:     4   Next: 63%
Magic:  6/6        EV: 10    Int: 14    God:
Gold:   82         SH:  0    Dex: 11    Spells: 2 memorised, 3 levels left

rFire  x . .     SeeInvis +     a - +0 shortbow
rCold  + . .     Clarity  .     c - +0 robe
rNeg   . . .     SustAt   .     (no shield)
rPois  +         Gourm    .     (no helmet)
rElec  .         Spirit   .     (no cloak)
rCorr  .         Warding  .     (no gloves)
rMut   .         Stasis   .     (no barding)
MR     .....                    (no amulet)
Stlth  +.........               j - ring of ice
                                i - ring of flight

@: very slow, not resistant to hostile enchantments, very unstealthy
A: see invisible, deformed body, poison resistance, slowness 2, slow metabolism
1, spit poison 2, AC +1
a: Spit Poison, Evoke Flight


You were on level 2 of the Dungeon.
You were not hungry.

You visited 1 branch of the dungeon, and saw 2 of its levels.

You collected 82 gold pieces.

Inventory:

Hand weapons
 a - a +0 shortbow (weapon)
Armour
 c - a +0 robe (worn)
Jewellery
 i - a ring of flight (left hand)
 j - a ring of ice (right hand)
Scrolls
 e - a scroll of random uselessness {unknown}
 h - 3 scrolls of remove curse {unknown}
 l - 2 scrolls of teleportation {unknown}
 m - a scroll of enchant weapon {unknown}
 n - a scroll of identify {unknown}
Potions
 f - a potion of lignification {unknown}
 k - a potion of curing {unknown}
 o - a potion of invisibility {unknown}
Books
 d - a book of Debilitation

   Spells                             Type                      Level
   a - Corona                         Hexes                        1
   b - Slow                           Hexes                        2
   c - Gell's Gravitas                Hexes/Translocation          3
   d - Inner Flame                    Hexes/Fire                   3
   e - Cause Fear                     Hexes                        4
   f - Leda's Liquefaction            Hexes/Earth                  4
Comestibles
 g - 3 fruits


   Skills:
 - Level 1.0 Fighting
 * Level 3.0 Bows
 - Level 1.5 Dodging
 + Level 1.8 Spellcasting
 * Level 4.0 Hexes


You had 3 spell levels left.
You knew the following spells:

 Your Spells              Type           Power        Failure   Level  Hunger
a - Corona                Hex            ##.....      4%          1    ##.....
b - Slow                  Hex            ##......     10%         2    ###....


Dungeon Overview and Level Annotations

Branches:
Dungeon (2/15)

Altars:
Nemelex Xobeh


Innate Abilities, Weirdness & Mutations

You cannot wear boots.
Your serpentine skin is tough (AC +1).
You have supernaturally acute eyesight.
Armour fits poorly on your strangely shaped body.
Your system is resistant to poisons.
You cover ground very slowly.
You have a slow metabolism.
You can spit poison.


Message History

Aim: a giant newt
Okay, then.
Firing (i - inventory): No suitable missiles.
Press: ? - help, Shift-Dir - straight line, f/p - giant newt
Aim: a giant newt
Okay, then.
Firing (i - inventory): No suitable missiles.
Press: ? - help, Shift-Dir - straight line, f/p - giant newt
Aim: a giant newt
Okay, then.
Firing (i - inventory): No suitable missiles.
Press: ? - help, Shift-Dir - straight line, f/p - giant newt
Aim: a giant newt
Okay, then.
Firing (i - inventory): No suitable missiles.
Press: ? - help, Shift-Dir - straight line, f/p - giant newt
Aim: a giant newt
Okay, then.
Unknown command.
Are you sure you want to abandon this character and quit the game? (Confirm with "yes".)

######### #....[..#
######......÷##########
+.....b.......÷........
######@......#.........
(.((Sgl(......#.........
.######.......#.........
#....._.#.).......
#.......#.........
#.......###.######
#(......##...###
#####..###.....#
##.###.....# #


You could see an adder, a goblin, a bat and a giant newt.

Vanquished Creatures
  4 adders (D:2)
  2 worms (D:2)
  2 giant geckos
  8 hobgoblins
  7 jackals (D:2)
  6 kobolds
  A quokka (D:2)
  5 bats (D:1)
  3 giant cockroaches
  3 giant newts
  5 goblins
  4 rats
50 creatures vanquished.

Notes
Turn   | Place    | Note
--------------------------------------------------------------
     0 | D:1      | LilCorpsy the Naga Arcane Marksman began the quest for the Orb.
     0 | D:1      | Reached XP level 1. HP: 18/18 MP: 2/2
   258 | D:1      | Reached XP level 2. HP: 25/25 MP: 3/3
   425 | D:1      | Learned a level 2 spell: Slow
   744 | D:1      | Reached XP level 3. HP: 31/31 MP: 4/4
  1387 | D:2      | Reached XP level 4. HP: 35/38 MP: 2/6
  1415 | D:2      | Reached skill level 4 in Hexes
  1501 | D:2      | Found a sparkling altar of Nemelex Xobeh.
  1877 | D:2      | Quit the game

Vault maps used:
D:1:      dpeg_arrival_simpleton_a
D:2:      nemelex_deck, nicolae_overflow_hidden_temple

Action                   |  1- 3 |  4- 6 || total
-------------------------+-------+-------++-------
 Fire: Shortbow          |    99 |    66 ||   165
 Cast: Corona            |     2 |       ||     2
       Slow              |     4 |       ||     4
 Abil: Spit Poison       |     7 |     2 ||     9
  Eat: Fruit             |     1 |       ||     1
       Bread ration      |       |     1 ||     1
